 Dungeon Crawl Stone Soup version 0.29-a0-1019-g84f7d21838 (webtiles) character file.

Game seed: 2321375274068794944

2524 siradein the Trooper (level 9, -8/79 HPs)
             Began as a Ghoul Fighter on Aug 11, 2022.
             Was a Follower of Okawaru.
             Mangled by an orc warrior
             ... wielding a +0 glaive
              (12 damage)
             ... on level 6 of the Dungeon.
             The game lasted 00:21:02 (5831 turns).

siradein the Trooper (Ghoul Fighter)                Turns: 5831, Time: 00:21:03

Health: -8/79      AC: 15    Str: 22    XL:     9   Next: 54%
Magic:  19/19      EV:  9    Int:  3    God:    Okawaru [*.....]
Gold:   379        SH:  5    Dex: 10    Spells: 8/8 levels left

rFire   + . .      SeeInvis .   a - +0 trident
rCold   + . .      Faith    .   c - +0 buckler
rNeg    + + +      Spirit   .   g - +8 scale mail "Nodig" {rF+ Slay+2}
rPois   ∞          Reflect  .   (no helmet)
rElec   .          Harm     .   (no cloak)
rCorr   .          Rampage  .   (no gloves)
Will    .....                   (no boots)
Stlth   ..........              (no amulet)
HPRegen 0.00/turn               B - +4 ring of slaying
MPRegen 0.16/turn               q - ring "Wimaqeat" {MP+9 Slay+3}

@: inhibited regen
A: claws 1, cold resistance 1, negative energy resistance 3, inhibited
regeneration, torment resistance 2, devour on kill
a: Renounce Religion, Heroism


You were on level 6 of the Dungeon.
You worshipped Okawaru.
Okawaru was aware of your devotion.
You visited 2 branches of the dungeon, and saw 7 of its levels.
You also visited: Sewer.

You collected 379 gold pieces.

Inventory:

Hand Weapons
 a - a +0 trident (weapon)
Missiles
 i - 39 stones (quivered)
 k - 4 curare-tipped darts
 x - a boomerang
Armour
 c - a +0 buckler (worn)
 g - the +8 scale mail "Nodig" (worn) {rF+ Slay+2}
   (You found it on level 4 of the Dungeon)

   Slay:      It affects your accuracy & damage with ranged weapons and melee
   (+2).
   rF:        It protects you from fire.
Jewellery
 b - a +6 ring of strength
 p - a ring of see invisible
 q - the ring "Wimaqeat" (right claw) {MP+9 Slay+3}
   (You found it on level 3 of the Dungeon)

   [ring of magical power]

   Slay:      It affects your accuracy & damage with ranged weapons and melee
   (+3).
   MP:        It affects your magic capacity (+9).
 w - the amulet of Dawn {Acrobat -Tele rC+ Will+}
   (You found it on level 5 of the Dungeon)

   [amulet of the acrobat]

   It increases your evasion while moving and waiting.
   rC:        It protects you from cold.
   -Tele:     It prevents most forms of teleportation.
   Will:      It increases your willpower.
 B - a +4 ring of slaying (left claw)
Wands
 e - a wand of mindburst (3)
 o - a wand of iceblast (9)
 y - a wand of light (5)
 z - a wand of flame (33)
Scrolls
 f - 5 scrolls of teleportation
 r - 4 scrolls of noise {unknown}
 s - a scroll of immolation
 t - a scroll of magic mapping
 u - 2 scrolls of brand weapon {unknown}
 v - a scroll of enchant weapon {unknown}
 A - a scroll of poison
Potions
 d - 2 potions of ambrosia {unknown}
 h - 4 potions of heal wounds
 j - a potion of magic
 l - a potion of lignification {unknown}
 m - a potion of mutation {unknown}
 n - 3 potions of curing


   Skills:
 + Level 7.3 Fighting
 + Level 5.7 Polearms
 + Level 2.2 Throwing
 + Level 6.0 Armour
 + Level 6.1 Shields
 + Level 2.8 Invocations


You had 8 spell levels left.
You didn't know any spells.
Your spell library contained the following spells:

 Spells                   Type           Power      Damage    Failure   Level
 Freeze                   Ice            0%         1d3       88%         1
 Poisonous Vapours        Pois/Air       0%         N/A       96%         2
 Frozen Ramparts          Ice            0%         1d1       99%         3
 Corpse Rot               Necr/Pois/Air  0%         N/A       100%        4
 Hailstorm                Conj/Ice       0%         3d3       100%        4


Dungeon Overview and Level Annotations

Branches:
Dungeon (6/15)             Temple (1/1) D:5           Sewer (visited)

Altars:
Ashenzari
Fedhas
Gozag
Kikubaaqudgha
Makhleb
Okawaru
Qazlal
Sif Muna
Trog
Wu Jian

Shops:
D:2 [


Innate Abilities, Weirdness & Mutations

You are immune to poison.
You have sharp fingernails.
Your flesh is cold resistant. (rC+)
You are immune to negative energy. (rN+++)
You do not regenerate when monsters are visible.
You are immune to unholy pain and torment.
You thrive by killing the living.


Message History

You hear some strange, mumbled words.
A magic dart appears from out of thin air!
The magic dart hits you! The orc hits you but does no damage.
The orc throws a boomerang.
You hit the orc warrior.
The orc warrior is moderately wounded.
The orc warrior hits you with a +0 glaive!
* * * LOW HITPOINT WARNING * * *
Something hits you.
* * * LOW HITPOINT WARNING * * *
The orc hits you from afar with a +0 trident.
* * * LOW HITPOINT WARNING * * *
You barely miss the orc warrior.
The orc warrior is moderately wounded.
The orc warrior closely misses you. Something hits you.
* * * LOW HITPOINT WARNING * * *
The orc throws a stone.
The stone hits you but does no damage.
You hear some strange, mumbled words.
A puff of flame appears from out of thin air!
The puff of flame hits you. You resist.
* * * LOW HITPOINT WARNING * * *
You closely miss the orc warrior.
The orc warrior is moderately wounded.
You block the orc warrior's attack. Something hits you but does no damage.
The orc curses repeatedly.
You block the orc's attack.
Unknown command.
You puncture the orc warrior!
The orc warrior is severely wounded.
The orc warrior hits you with a +0 glaive.
* * * LOW HITPOINT WARNING * * *
Something hits you but does no damage.
The orc throws a boomerang of dispersal.
You block the boomerang of dispersal. The orc hits you but does no damage.
The orc throws a boomerang.
Unknown command.
You hit the orc warrior but do no damage.
The orc warrior is severely wounded.
The orc warrior hits you with a +0 glaive!
You die...

..###.#
#.#.#.####........#
..# #.#
#.#.#.##.#........#
..# #.#
#.#................
.## #.#
#.#....#.#........#
## ### ##
##.>..../#.........
...#
#...............##
.8..8
#.......####.####
....oo#o...........#
...oo{{@#..........#
....oo############.#
.8).8# #.# ...## #.#
############# #.####
#...........# #....#
#.##.#.####.# ####.#
#.##.#.# #.# #.#
#.##.#.# #.# #.#


You could see an orc warrior and 6 orcs.

Vanquished Creatures
  A komodo dragon (D:6)
  Menkaure (D:4)
  Edmund (D:5)
  A black bear (D:6)
  An ogre (D:5)
  A phantom (D:6)
  7 kobold brigands (Sewer)
  2 bullfrogs (D:6)
  3 scorpions
  3 wights (D:3)
  A howler monkey (D:6)
  3 hounds
  3 orc priests (D:5)
  2 jellies (D:5)
  A gnoll bouda (D:5)
  3 orc wizards
  2 iguanas
  12 gnolls (D:5)
  12 adders
  2 river rats (Sewer)
  A white imp (D:5)
  5 worms
  6 dart slugs
  32 orcs
  3 bats
  11 endoplasms
  8 giant cockroaches
  4 goblins
  6 hobgoblins
  11 jackals
  6 kobolds
  A quokka (D:4)
  5 ball pythons
  A frilled lizard (D:2)
  13 rats
175 creatures vanquished.

Notes
Turn   | Place    | Note
-------+----------+-------------------------------------------
     0 | D:1      | siradein the Ghoul Fighter began the quest for the Orb.
     0 | D:1      | Reached XP level 1. HP: 19/19 MP: 0/0
   375 | D:1      | Reached XP level 2. HP: 25/26 MP: 1/1
   985 | D:2      | You fall into a shaft and drop 2 floors!
  1017 | D:4      | Reached XP level 3. HP: 29/31 MP: 2/2
  1017 | D:4      | Noticed Menkaure
  1034 | D:4      | Killed Menkaure
  1035 | D:4      | Reached skill level 4 in Fighting
  1035 | D:4      | Reached XP level 4. HP: 22/40 MP: 3/3
  1035 | D:4      | Reached XP level 5. HP: 25/46 MP: 4/4
  1049 | D:4      | Identified the +8 scale mail "Nodig" {rF+ Slay+2}
  1110 | D:4      | Found a glowing drain.
  1116 | Sewer    | Entered a sewer
  1136 | Sewer    | Noticed a kobold brigand
  1147 | Sewer    | Killed a kobold brigand
  1148 | Sewer    | Reached XP level 6. HP: 53/53 MP: 5/5
  1459 | Sewer    | Reached skill level 5 in Fighting
  1459 | Sewer    | Reached XP level 7. HP: 61/61 MP: 6/6
  2147 | D:2      | Found Feqituef's Armour Shop.
  2505 | D:2      | Found a faded altar of an unknown god.
  2869 | D:3      | Reached XP level 8. HP: 60/70 MP: 7/7
  2965 | D:3      | Reached skill level 6 in Fighting
  3098 | D:3      | Identified the ring "Wimaqeat" {MP+9 Slay+3}
  3182 | D:3      | Reached skill level 5 in Shields
  3509 | D:4      | Reached skill level 5 in Armour
  3861 | D:5      | Entered Level 5 of the Dungeon
  3948 | D:5      | Noticed Edmund
  3962 | D:5      | Killed Edmund
  3998 | D:5      | Found a staircase to the Ecumenical Temple.
  4017 | D:5      | Reached skill level 5 in Polearms
  4025 | Temple   | Entered the Ecumenical Temple
  4127 | Temple   | Became a worshipper of Warmaster Okawaru
  4157 | D:5      | Identified the amulet of Dawn {Acrobat -Tele rC+ Will+}
  4191 | D:5      | Found a bloodstained altar of Trog.
  4296 | D:5      | Reached skill level 1 in Invocations
  4344 | D:5      | Reached skill level 1 in Throwing
  4434 | D:5      | Reached XP level 9. HP: 76/78 MP: 8/8
  4648 | D:5      | Found a broken altar of Ashenzari.
  4880 | D:6      | Reached skill level 7 in Fighting
  4944 | D:6      | Found a burning altar of Makhleb.
  5058 | D:6      | Noticed a komodo dragon
  5077 | D:6      | Killed a komodo dragon
  5077 | D:6      | Reached * piety under Okawaru
  5147 | D:6      | Found a runed translucent door.
  5411 | D:6      | Found a blossoming altar of Fedhas.
  5411 | D:6      | Found a shimmering blue altar of Sif Muna.
  5499 | D:6      | Found an ornate altar of the Wu Jian Council.
  5831 | D:6      | Mangled by an orc warrior

Illustrated notes

Levels and vault maps discovered:
D:1:      giann_wishing_wells, layout_basic, kennysheep_pointless_box,
          st_stairs_8, kennysheep_doodads
D:2:      layout_loops_cross, hellmonk_ecumenical_altar_inner_sanctum,
          serial_shops, nicolae_shop_window_shopping, kennysheep_generic_room_16
D:3:      layout_basic
D:4:      layout_basic, portal_sewer_entry_e, uniq_menkaure
D:5:      layout_rooms, bloody_trog, nicolae_ashenzari_skybound,
          minmay_temple_entry_wispy, uniq_edmund
D:6:      layout_loops_ring, mainiacjoe_overflow_24_doors,
          makhleb_heckhound_becter, gammafunk_temple_overflow_pools,
          lightli_church_of_beogh
Temple:   nicolae_temple_bog_church

Skill      XL: |  1  2  3  4  5  6  7  8  9 |
---------------+----------------------------+-----
Polearms       | 2 3 4 5 |  5.7
Shields        | 3 4 5 6 |  6.1
Armour         | 3 4 5 6 |  6.0
Fighting       | 4 5 6 7 |  7.3
Invocations    | 1 2 |  2.8
Throwing       | 1 2 |  2.2

Action                   |  1- 3 |  4- 6 |  7- 9 || total
-------------------------+-------+-------+-------++-------
Melee: Trident           |    75 |    90 |   450 ||   615
Throw: Dart              |       |       |     1 ||     1
Invok: Heroism           |       |       |     1 ||     1
  Use: Scroll            |     4 |       |     5 ||     9
       Potion            |     1 |       |       ||     1
Armor: Scale mail        |     5 |    21 |   165 ||   191
       Chain mail        |    22 |     4 |       ||    26
Dodge: Dodged            |    18 |    20 |   152 ||   190
Block: Buckler           |     9 |    19 |    69 ||    97

Table legend: (Time is in decaauts)
 A = Elapsed time spent in this place.
 B = Non-inter-level travel time spent in this place.
 C = Inter-level travel time spent in this place.
 D = Time resting spent in this place.
 E = Time spent auto-exploring this place.
 F = Levels seen in this place.
 G = Mean time per level.
                   A        B        C        D        E       F      G
               +--------+--------+--------+--------+--------+-----+--------+
         Total |   6043 |   5824 |    219 |      0 |   4515 |   8 |  755.4 |
       Dungeon |   4994 |   4786 |    208 |      0 |   3796 |   6 |  832.3 |
        Temple |    110 |     99 |     11 |      0 |     95 |   1 |  110.0 |
         Sewer |    938 |    938 |      0 |      0 |    624 |   1 |  938.0 |
               +--------+--------+--------+--------+--------+-----+--------+

Top non-repeatable levels by time:
     D:6: 996 daAuts
     D:1: 947 daAuts
   Sewer: 938 daAuts
     D:3: 877 daAuts
     D:5: 850 daAuts
     D:2: 707 daAuts
     D:4: 615 daAuts
  Temple: 110 daAuts
